 Dungeon Crawl Stone Soup version 0.15-a0-1253-g15b4f57 (webtiles) character file.

238 BluebellGnoll the Magician (level 5, -4/28 HPs)
             Began as a Deep Elf Fire Elementalist on June 4, 2014.
             Slain by Prince Ribbit (14 damage)
             ... on Level 4 of the Dungeon.
             The game lasted 00:19:37 (2981 turns).

BluebellGnoll the Magician (DEFE)                   Turns: 2981, Time: 00:19:37

HP  -4/28        AC  4     Str  5      XL: 5   Next: 78%
MP  19/20        EV 13     Int 24      God:
Gold 129         SH  0     Dex 15      Spells:  5 memorised,  2 levels left

rFire  . . .     SeeInvis .     z - +2,+3 dagger (flame)
rCold  . . .     Clarity  .     a - +0 robe
rNeg   . . .     rCorr    .     (no shield)
rPois  .         rRot     .     (no helmet)
rElec  .         Spirit   .     (no cloak)
SustAb .         Warding  .     e - +1 pair of gloves
rMut   +         Stasis   .     (no boots)
Gourm  .                        q - amulet of resist mutation
MR     .....                    (no ring)
                                h - +3 ring of intelligence

@: not resistant to hostile enchantments, unstealthy
A: no striking features
a: no special abilities


You were on level 4 of the Dungeon.
You were not hungry.

You visited 1 branch of the dungeon, and saw 4 of its levels.

You collected 129 gold pieces.

Inventory:

Hand weapons
 l - a +1,+0 dagger
 o - a +0,+0 short sword
 z - a +2,+3 dagger of flaming (weapon)
Missiles
 x - 2 tomahawks (quivered)
Armour
 a - a +0 robe (worn)
 e - a +1 pair of gloves (worn)
Comestibles
 c - 2 bread rations
 d - a slice of pizza
 g - a chunk of rat flesh
 k - a royal jelly
 n - 3 meat rations
 t - 3 fruits
Scrolls
 j - 4 scrolls of identify
 m - a scroll of remove curse
 p - a scroll of recharging {unknown}
 r - a scroll of blinking
Jewellery
 h - a +3 ring of intelligence (left hand)
 q - an amulet of resist mutation (around neck)
Potions
 i - a potion of haste
 s - a potion of restore abilities
 A - a potion of curing
Books
 b - a book of Flames

   Spells                             Type                      Level
   *Flame Tongue                      Conjuration/Fire             1
   *Throw Flame                       Conjuration/Fire             2
   *Conjure Flame                     Conjuration/Fire             3
   *Inner Flame                       Hexes/Fire                   3
   *Sticky Flame                      Conjuration/Fire             4
   Fireball                           Conjuration/Fire             5
Magical staves
 f - an uncursed staff of conjuration {unknown}


   Skills:
 - Level 2.4 Dodging
 - Level 2.4 Stealth
 + Level 5.6 Spellcasting
 * Level 4.9 Conjurations
 - Level 3.2 Fire Magic


You had 2 spell levels left.
You knew the following spells:

 Your Spells              Type           Power        Failure   Level  Hunger
a - Flame Tongue          Conj/Fire      ####.        1%          1    None
b - Throw Flame           Conj/Fire      ####..       1%          2    None
c - Conjure Flame         Conj/Fire      ####....     4%          3    ##.....
d - Inner Flame           Hex/Fire       ##......     14%         3    ##.....
e - Sticky Flame          Conj/Fire      ####....     17%         4    ###....


Dungeon Overview and Level Annotations

Branches:
Dungeon (4/15)
 Temple: D:4-7

Altars:

Annotations:
D:4 Prince Ribbit


Message History

Found an emulsified cyan potion.
The helpless Prince Ribbit fails to defend himself.
You slash Prince Ribbit! You burn Prince Ribbit.
Prince Ribbit is heavily wounded.
Prince Ribbit barely misses you. Prince Ribbit misses you.
Prince Ribbit closely misses you. Prince Ribbit hits you!
Ouch! That really hurt!
Prince Ribbit hops awkwardly around.
Prince Ribbit closely misses you. Prince Ribbit hits you.
Casting: Flame Tongue
Confirm with . or Enter, or press ? or * to list all spells.
Aiming: Flame Tongue
Press: ? - help, Shift-Dir - straight line, f - Prince Ribbit
Aim: Prince Ribbit (moderately wounded) Prince Ribbit momentarily phases out as the flame tongue passes through him.
Prince Ribbit hits you!
Ouch! That really hurt!
You die...

#.. #.# #. #.#
..# #.# .....#
#.# ......# #.#
.......# #.#
........# #.#
.......!# #.#
........# #@#
.........# #F#
#...#######.#
#?..........#
#...........#
#...........#
..............#
...............#
##.###........#


You could see Prince Ribbit.

Vanquished Creatures
  A sky beast (D:3)
  Natasha (D:3)
  A gnoll (D:1)
  5 adders
  2 worms
  2 oozes
  2 orcs (D:3)
  5 bats
  4 giant cockroaches
  11 hobgoblins
  4 jackals (D:1)
  A ball python (D:1)
  2 giant newts (D:1)
  4 goblins
  7 kobolds
  17 rats
  A rat skeleton (D:4)
70 creatures vanquished.

Notes
Turn   | Place    | Note
--------------------------------------------------------------
     0 | D:1      | BluebellGnoll, the Deep Elf Fire Elementalist, began the quest for the Orb.
     0 | D:1      | Reached XP level 1. HP: 10/10 MP: 5/5
   253 | D:1      | Reached XP level 2. HP: 15/15 MP: 6/8
   255 | D:1      | Reached skill level 4 in Spellcasting
   301 | D:1      | Learned a level 2 spell: Throw Flame
   653 | D:1      | Reached XP level 3. HP: 19/19 MP: 5/13
   721 | D:1      | Learned a level 3 spell: Conjure Flame
   883 | D:1      | Reached skill level 5 in Spellcasting
  1057 | D:1      | Learned a level 3 spell: Inner Flame
  1393 | D:2      | Reached XP level 4. HP: 24/24 MP: 8/17
  1468 | D:2      | Learned a level 4 spell: Sticky Flame
  2343 | D:3      | Noticed a sky beast
  2355 | D:3      | Killed a sky beast
  2355 | D:3      | Reached XP level 5. HP: 28/28 MP: 17/20
  2820 | D:3      | Noticed Natasha
  2822 | D:3      | Killed Natasha
  2968 | D:4      | Noticed Prince Ribbit
  2981 | D:4      | Slain by Prince Ribbit

Action                   |  1- 3 |  4- 6 || total
-------------------------+-------+-------++-------
Melee: Club              |    32 |       ||    32
       Dagger            |    22 |     3 ||    25
       Short sword       |     2 |    13 ||    15
 Cast: Flame Tongue      |    64 |    47 ||   111
       Throw Flame       |     1 |     2 ||     3
  Use: Scroll            |       |    11 ||    11
 Stab: Sleeping          |     4 |     2 ||     6
